 Dungeon Sprint DCSS version 0.21.1-1-g345015f (webtiles) character file.

51 Fang the Skirmisher (level 3, -3/39 HPs)
             Began as a Gargoyle Berserker on July 15, 2018.
             Was an Elder of Trog.
             Slain by an iguana (13 damage)
             ... in the Dungeon (Sprint VII: "The Pits").
             The game lasted 00:01:02 (494 turns).

Fang the Skirmisher (Gargoyle Berserker)             Turns: 494, Time: 00:01:02

Health: -3/39      AC:  5    Str: 26    XL:     3   Next: 83%
Magic:  3/3        EV: 12    Int:  7    God:    Trog [****..]
Gold:   0          SH:  0    Dex:  9    Spells: 2/2 levels left

rFire    . . .     SeeInvis .   m - +2 hand axe (chop)
rCold    . . .     Gourm    .   (no shield)
rNeg     + . .     Faith    .   b - +0 animal skin
rPois    ∞         Spirit   .   (no helmet)
rElec    +         Reflect  .   (no cloak)
rCorr    .         Harm     .   (no gloves)
MR       .....     NoTele   +   (no boots)
Stlth    ..........             (no amulet)
HPRegen  0.13/turn              (no ring)
MPRegen  0.08/turn              (no ring)

@: berserking, very quick
A: negative energy resistance 1, electricity resistance, unbreathing,
petrification resistance, rot immunity, AC +3
a: Berserk, Trog's Hand, Brothers in Arms, Burn Spellbooks, Renounce Religion


You were in the Dungeon.
You worshipped Trog.
Trog was greatly pleased with you.
You were not hungry.

You visited 1 branch

Inventory:

Hand Weapons
 m - a +2 hand axe of chopping (weapon)
Armour
 b - a +0 animal skin (worn)
Scrolls
 i - a scroll of blinking
 k - 3 scrolls of remove curse
 l - a scroll of summoning
Potions
 a - 2 potions of invisibility
 d - 6 potions of curing
 e - 6 potions of heal wounds
 f - a potion of haste
 g - 4 potions of magic
 h - 3 potions of berserk rage
Comestibles
 c - 9 rations


   Skills:
 + Level 5.6 Fighting
 + Level 5.0 Axes
 + Level 2.8 Armour
 + Level 2.8 Dodging
 + Level 0.3 Stealth


You had 2 spell levels left.
You didn't know any spells.

Dungeon Overview and Level Annotations

Branches:
Dungeon (1/1)

Altars:
Cheibriados
Dithmenos
Elyvilon
Fedhas
Gozag
Hepliaklqana
Makhleb
Nemelex Xobeh
Okawaru
Qazlal
Ru
Sif Muna
Trog
Vehumet
Wu Jian
Xom
Yredelemnul
Zin
The Shining One
Beogh
Jiyva
Lugonu


Innate Abilities, Weirdness & Mutations

You are resistant to torment.
Your stone body is resilient. (AC +3)
You are immune to poison.
You resist negative energy. (rN+)
You are resistant to electric shocks. (rElec)
You can survive without breathing.
You are immune to petrification.
You are immune to rotting.


Message History

You open the door.
An iguana comes into view.
The iguana hisses angrily.
There is an open door here.
There is an open door here.
The iguana bites you but does no damage.
You hit the iguana.
The iguana is moderately wounded.
The iguana bites you!
You hit the iguana.
The iguana is severely wounded.
The iguana bites you!
* * * LOW HITPOINT WARNING * * *
A red film seems to cover your vision as you go berserk!
You feel yourself moving faster!
You feel mighty!
You feel a lot more hungry. The iguana barely misses you.
You hit the iguana but do no damage.
The iguana is severely wounded.
The iguana bites you!
You die...

##########.##.....
#...........'.....
#'#####'#####.....
#.#..#.†#..##.....
#.#..)..†..#####'#
#.##†####'###.....
#.#........##.....
#.#........##.....
#@#####'#####...<.
#l#..[)))..##.....
#.#..[)))..##.....
#'###########.....
#.......# ######
#.###...# #.# .#
#.# #..


You could see an iguana.

Vanquished Creatures
  A worker ant (D)
  An adder (D)
  An ufetubus (D)
  2 bat skeletons (D)
  A goblin (D)
  6 jackals (D)
  A kobold (D)
  A frilled lizard (D)
14 creatures vanquished.

Notes
Turn   | Place    | Note
-------+----------+-------------------------------------------
     0 | D        | Fang the Gargoyle Berserker began the quest for the Orb.
     0 | D        | Reached XP level 1. HP: 14/14 MP: 1/1
    33 | D        | Reached ** piety under Trog
   192 | D        | Found a bloodstained altar of Trog.
   192 | D        | Found a deep blue altar of Sif Muna.
   192 | D        | Found a viscous altar of Jiyva.
   192 | D        | Found a hazy altar of Hepliaklqana.
   192 | D        | Found an opulent altar of Gozag.
   193 | D        | Found a glowing golden altar of the Shining One.
   193 | D        | Found a glowing silver altar of Zin.
   193 | D        | Found a basalt altar of Yredelemnul.
   193 | D        | Found a shimmering altar of Xom.
   193 | D        | Found an ornate altar of the Wu Jian Council.
   193 | D        | Found a sacrificial altar of Ru.
   193 | D        | Found a stormy altar of Qazlal.
   193 | D        | Found an iron altar of Okawaru.
   193 | D        | Found a sparkling altar of Nemelex Xobeh.
   193 | D        | Found a burning altar of Makhleb.
   193 | D        | Found a blossoming altar of Fedhas.
   193 | D        | Found a white marble altar of Elyvilon.
   193 | D        | Found a shadowy altar of Dithmenos.
   193 | D        | Found a snail-covered altar of Cheibriados.
   195 | D        | Found a radiant altar of Vehumet.
   195 | D        | Found a corrupted altar of Lugonu.
   195 | D        | Found a roughly hewn altar of Beogh.
   242 | D        | Reached XP level 2. HP: 15/20 MP: 2/2
   333 | D        | Reached *** piety under Trog
   349 | D        | Reached **** piety under Trog
   351 | D        | Reached skill level 5 in Fighting
   351 | D        | Reached XP level 3. HP: 25/26 MP: 3/3
   360 | D        | Reached skill level 5 in Axes
   494 | D        | Slain by an iguana

Skill      XL: |  1  2  3 |
---------------+----------+-----
Axes           | 3 4 5 |  5.0
Fighting       | 4 5 |  5.6
Dodging        | 2 |  2.8
Armour         | |  2.8
Stealth        | |  0.3

Action                   || total
-------------------------++-------
Melee: Hand axe          ||    65
Invok: Berserk           ||     1
Armor: Animal skin       ||    27
Dodge: Dodged            ||    55
